 Dungeon Crawl Stone Soup version 0.25-a0-474-ga8a2ee3166 (webtiles) character file.

Game seed: 10690671300796952807, levelgen mode: deterministic

1915 mopl the Quickloader (level 9, -3/69 HPs)
             Began as a Human Hunter on Feb 6, 2020.
             Killed from afar by a steam dragon (15 damage)
             ... with a ball of steam
             ... on level 6 of the Dungeon.
             The game lasted 00:11:14 (6366 turns).

mopl the Quickloader (Human Hunter)                 Turns: 6366, Time: 00:11:14

Health: -3/69      AC: 14    Str: 16    XL:     9   Next: 39%
Magic:  11/11      EV: 12    Int: 12    God:
Gold:   272        SH:  0    Dex: 13    Spells: 8/8 levels left

rFire    . . .     SeeInvis .   b - +2 dagger (flame)
rCold    + . .     Gourm    .   (no shield)
rNeg     . . .     Faith    .   h - +3 leather armour {rC+}
rPois    .         Spirit   .   y - +0 helmet
rElec    .         Reflect  .   C - +0 cloak
rCorr    .         Harm     .   (no gloves)
MR       .....                  u - +0 pair of boots
Stlth    +.........             (no amulet)
HPRegen  0.21/turn              e - +4 ring of protection
MPRegen  0.12/turn              s - +3 ring of slaying

@: no status effects
A: no striking features
a: no special abilities


You were on level 6 of the Dungeon.
You were not hungry.

You visited 1 branch of the dungeon, and saw 6 of its levels.
You also visited: Ossuary.

You collected 272 gold pieces.

Inventory:

Hand Weapons
 a - a +1 hand crossbow
 b - a +2 dagger of flaming (weapon)
 m - a +0 short sword
 B - a +3 quarterstaff of chaos
Missiles
 d - 31 bolts
 o - 8 poisoned darts (quivered)
 p - 10 boomerangs
Armour
 f - a +0 chain mail
 h - a +3 leather armour of cold resistance (worn)
 u - a +0 pair of boots (worn)
 y - a +0 helmet (worn)
 C - a +0 cloak (worn)
Jewellery
 e - a +4 ring of protection (left hand)
 l - an uncursed ring of flight
 s - a +3 ring of slaying (right hand)
 E - a +5 ring of dexterity
Wands
 n - a wand of digging (3)
 F - a wand of enslavement (10)
 G - a wand of flame (16)
 N - a wand of polymorph (7)
Scrolls
 g - 2 scrolls of enchant weapon {unknown}
 i - a scroll of blinking {unknown}
 k - 5 scrolls of remove curse
 q - a scroll of enchant armour {unknown}
 r - 5 scrolls of teleportation {unknown}
 x - a scroll of fear {unknown}
 D - a scroll of immolation {unknown}
 I - 2 scrolls of amnesia {unknown}
Potions
 j - 3 potions of agility
 t - a potion of flight
 v - 2 potions of lignification {!q}
 w - 2 potions of resistance
 z - a potion of cancellation
 A - 3 potions of berserk rage {unknown}
 H - 5 potions of curing
 K - 2 potions of degeneration {unknown}
 L - a potion of mutation {unknown}
 M - a potion of haste {unknown}
Comestibles
 c - 7 rations
 J - 6 chunks of flesh


   Skills:
 + Level 6.0 Fighting
 * Level 9.2 Crossbows
 + Level 4.2 Armour
 - Level 2.0 Dodging
 - Level 1.0 Stealth
 + Level 3.5 Evocations


You had 8 spell levels left.
You didn't know any spells.
Your spell library was empty.

Dungeon Overview and Level Annotations

Branches:
Dungeon (6/15)            Ossuary (visited)
 Temple: D:4-7

Altars:
Ashenzari
Elyvilon
Xom


Message History

The steam dragon bites you but does no damage.
The steam dragon barely misses you.
You hit the steam dragon but do no damage.
The steam dragon is severely wounded.
You are engulfed in a cloud of scalding steam.
* * * LOW HITPOINT WARNING * * *
The steam dragon bites you but does no damage.
The steam dragon claws you but does no damage.
You hit the steam dragon but do no damage.
The steam dragon is severely wounded.
You are engulfed in a cloud of scalding steam.
* * * LOW HITPOINT WARNING * * *
The steam dragon closely misses you. The steam dragon barely misses you.
The steam dragon bites you!
* * * LOW HITPOINT WARNING * * *
The steam dragon claws you but does no damage.
It was a potion of curing.
You feel better. The steam dragon breathes steam at you.
The ball of steam hits you!
You die...

#..## ##...##.....# ## #..#
##...........###############
#..###............)).............
.......#...##.....###############
.......#...##.....#
#..###....###.....# #..# ##..##
#.....# #..## ##.# #.#########
....####.# #...@.....# .##..##..#
#....D.##.# .........# #≈..P≈≈#
.# ########## #≈..P.≈# ..
##..P≈P# ### #≈...## #≈..≈#
#..P## #P.P#


You could see a steam dragon.

Vanquished Creatures
  Prince Ribbit (D:5)
  Grinder (D:4)
  A sky beast (D:5)
  An ogre (D:5)
  An elf zombie (D:5)
  Blork the orc (D:5)
  2 elf skeletons (D:5)
  A water moccasin zombie (Ossuary)
  A howler monkey (D:5)
  A hound (D:4)
  5 orc priests
  Crazy Yiuf (D:3)
  5 orc wizards
  3 iguanas
  Jessica (D:3)
  A human skeleton (D:5)
  9 worker ants
  5 big kobold zombies (Ossuary)
  2 mummies (Ossuary)
  Robin (D:3)
  4 adders
  A shadow imp (D:6)
  2 oozes (D:1)
  An adder zombie (Ossuary)
  2 adder skeletons
  3 worms
  A dart slug (D:3)
  6 leopard geckos
  31 orcs
  3 ball pythons
  7 bats
  3 giant cockroaches
  15 goblins
  13 hobgoblins
  16 jackals
  15 kobolds
  2 quokkas
  3 frilled lizards
  2 gnoll zombies (Ossuary)
  6 hobgoblin zombies (Ossuary)
  11 kobold zombies (Ossuary)
  A leopard gecko skeleton (D:5)
  2 orc skeletons (D:5)
  5 orc zombies (Ossuary)
  10 rats
  A plant (D:3)
210 creatures vanquished.

Notes
Turn   | Place    | Note
-------+----------+-------------------------------------------
     0 | D:1      | mopl the Human Hunter began the quest for the Orb.
     0 | D:1      | Reached XP level 1. HP: 16/16 MP: 1/1
    55 | D:1      | Reached XP level 2. HP: 10/22 MP: 2/2
   497 | D:1      | Reached XP level 3. HP: 27/28 MP: 3/3
  1100 | D:2      | Reached XP level 4. HP: 34/34 MP: 4/4
  1194 | D:2      | Reached skill level 5 in Crossbows
  1330 | D:2      | Reached skill level 3 in Fighting
  1387 | D:2      | Reached XP level 5. HP: 39/41 MP: 5/5
  2056 | D:3      | Noticed Jessica
  2079 | D:3      | Killed Jessica
  2175 | D:3      | Reached skill level 6 in Crossbows
  2175 | D:3      | Reached XP level 6. HP: 37/47 MP: 6/6
  2279 | D:3      | Noticed Robin
  2336 | D:3      | Killed Robin
  2662 | D:3      | Found a runed translucent door.
  2663 | D:3      | Noticed Crazy Yiuf
  2672 | D:3      | Killed Crazy Yiuf
  2968 | D:4      | Reached skill level 4 in Fighting
  3060 | D:4      | Reached XP level 7. HP: 35/54 MP: 7/7
  3410 | D:4      | Reached skill level 7 in Crossbows
  3410 | D:4      | Reached skill level 1 in Armour
  3593 | D:4      | Found a white marble altar of Elyvilon.
  3599 | D:4      | Noticed Grinder
  3624 | D:4      | Killed Grinder
  3629 | D:4      | Reached skill level 2 in Armour
  3689 | D:4      | Reached XP level 8. HP: 31/61 MP: 8/8
  4068 | D:4      | Reached skill level 1 in Evocations
  4258 | D:4      | Found a shimmering altar of Xom.
  4263 | D:4      | Reached skill level 5 in Fighting
  4574 | D:5      | Entered Level 5 of the Dungeon
  4574 | D:5      | Noticed Blork the orc
  4588 | D:5      | Killed Blork the orc
  4588 | D:5      | Reached skill level 8 in Crossbows
  4747 | D:5      | Found a sand-covered staircase.
  4767 | D:5      | Reached skill level 3 in Armour
  4771 | Ossuary  | Entered an ossuary
  4785 | Ossuary  | Reached skill level 2 in Evocations
  5395 | D:5      | Noticed Prince Ribbit
  5416 | D:5      | Killed Prince Ribbit
  5416 | D:5      | Reached XP level 9. HP: 43/69 MP: 9/11
  5634 | D:5      | Reached skill level 3 in Evocations
  5677 | D:5      | Reached skill level 9 in Crossbows
  5677 | D:5      | Reached skill level 4 in Armour
  5836 | D:5      | Found a shattered altar of Ashenzari.
  5898 | D:5      | Reached skill level 6 in Fighting
  6366 | D:6      | Killed from afar by a steam dragon

Levels and vault maps discovered:
D:1:      lightli_molten_gateway, layout_loops_ring, minmay_hexomino_c4
D:2:      layout_rooms
D:3:      layout_loops_ring, lexackson_kobold_supper, uniq_jessica, uniq_robin,
          uniq_crazy_yiuf_cottage
D:4:      layout_loops_ring, elyvilon_altar_5, marbit_many_paths, uniq_grinder
D:5:      layout_basic, first_ration, nicolae_ossuary_entry_catacombs,
          cheibrodos_ashenzari_chains, uniq_prince_ribbit1, uniq_blork_the_orc
D:6:      kennysheep_steamy, layout_basic, overflow_temple_1_default,
          hangedman_decor_opposing, palyth_stone_intersect,
          makhleb_heckhound_becter

Skill      XL: |  1  2  3  4  5  6  7  8  9 |
---------------+----------------------------+-----
Crossbows      | 5 6 7 8 9 |  9.2
Fighting       | 3 4 5 6 |  6.0
Armour         | 2 3 4 |  4.2
Evocations     | 2 3 |  3.5
Dodging        | |  2.0
Stealth        | |  1.0

Action                   |  1- 3 |  4- 6 |  7- 9 || total
-------------------------+-------+-------+-------++-------
Melee: Short sword       |   136 |   267 |       ||   403
       Dagger            |       |   166 |   469 ||   635
 Fire: Hand crossbow     |    12 |    18 |     2 ||    32
Throw: Dart              |       |     4 |    10 ||    14
Evoke: Wand              |       |       |     1 ||     1
  Use: Scroll            |     1 |     3 |     2 ||     6
       Potion            |       |       |     1 ||     1
 Stab: Sleeping          |       |     2 |     4 ||     6
  Eat: Chunk             |     1 |     7 |     8 ||    16
       Ration            |       |       |     1 ||     1
Armor: Leather armour    |    58 |   181 |   215 ||   454
Dodge: Dodged            |   121 |   313 |   276 ||   710

Table legend:
 A = Non-vault XP
 B = Vault XP
 C = Vault XP percentage of total XP
 D = Non-vault monster count
 E = Vault monster count
 F = Vault count percentage of total count
                 A         B        C        D         E       F
            +---------+---------+-------+---------+---------+-------
      Total |    1423 |    1313 |  48.0 |     133 |      76 |  36.4
            +---------+---------+-------+---------+---------+-------
        D:1 |      38 |      22 |  36.7 |      18 |      11 |  37.9
        D:2 |     134 |       0 |   0.0 |      36 |       0 |   0.0
        D:3 |     197 |     124 |  38.6 |      20 |      22 |  52.4
        D:4 |     554 |     220 |  28.4 |      40 |       2 |   4.8
        D:5 |     327 |     677 |  67.4 |       9 |       8 |  47.1
        D:6 |     173 |       0 |   0.0 |      10 |       0 |   0.0
    Ossuary |       0 |     270 | 100.0 |       0 |      33 | 100.0
            +---------+---------+-------+---------+---------+-------
